 Dungeon Crawl Stone Soup version 0.31-a0-190-g4feb4907b2 (webtiles) character file.

Game seed: 16198345157826401595

132 qw the Skirmisher (level 4, -4/25 HPs)
             Began as a Deep Elf Hunter on June 23, 2023.
             Slain by a gnoll
             ... wielding a +0 flail
              (8 damage)
             ... on level 3 of the Dungeon.
             The game lasted 00:00:48 (1669 turns).

qw the Skirmisher (Deep Elf Hunter)                 Turns: 1669, Time: 00:00:48

Health: -4/25      AC:  6    Str: 10    XL:     4   Next: 92%
Magic:  6/6        EV: 11    Int: 14    God:
Gold:   72         SH:  0    Dex: 18    Spells: 3/3 levels left

rFire   . . .        Y - +0 shortbow
rCold   . . .        (shield currently unavailable)
rNeg    . . .        f - +0 ring mail
rPois   .            c - +0 helmet
rElec   .            (no cloak)
rCorr   .            (no gloves)
SInv    .            (no boots)
Will    .....        (no amulet)
Stlth   +            (no ring)
HPRegen 0.24/turn    (no ring)
MPRegen 0.10/turn

%: no passive effects
@: weak-willed
A: no striking features
a: no special abilities


You were on level 3 of the Dungeon.
You visited 1 branch of the dungeon, and saw 3 of its levels.

You collected 72 gold pieces.


   Skills:
 - Level 1.5 Fighting
 + Level 8.3 Ranged Weapons
 - Level 2.4 Dodging
 - Level 1.2 Stealth


You had 3 spell levels left.
You didn't know any spells.
Your spell library was empty.

Inventory:

Hand Weapons
 Y - a +0 shortbow (weapon)
Armour
 c - a +0 helmet (worn)
 f - a +0 ring mail (worn)
Potions
 d - a potion of mutation {unknown}
 e - a potion of berserk rage {unknown}
 g - 2 potions of might
 i - a potion of ambrosia {unknown}

Dungeon Overview and Level Annotations

Branches:
Dungeon (3/15)

Altars:


Message History

The gnoll barely misses you. The gnoll hits you with a +0 club.
The gnoll hits you from afar with a +0 spear.
You shoot an arrow. The arrow hits the gnoll.
You kill the gnoll!
The gnoll hits you with a +0 flail!
The gnoll hits you from afar with a +0 spear.
An orc comes into view. It is wielding a +0 dagger.
1664 ||| DRINKING potion of heal wounds.
You feel much better. The gnoll closely misses you.
The gnoll hits you from afar with a +0 spear.
The adder bites you.
You shoot an arrow. The arrow barely misses the adder.
The arrow hits the gnoll but does no damage.
The gnoll is moderately wounded.
The adder bites you. The gnoll hits you but does no damage.
The gnoll barely misses you.
An orc comes into view. It is wielding a +0 short sword.
You shoot an arrow. The arrow hits the adder!
The adder is severely wounded.
The adder bites you but does no damage. The gnoll closely misses you.
The gnoll hits you from afar with a +0 spear.
The adder bites you but does no damage.
You shoot an arrow. The arrow misses the adder.
The arrow hits the gnoll!
The gnoll is almost dead.
The gnoll barely misses you.
The gnoll hits you from afar with a +0 spear.
An orc comes into view. It is wielding a +0 whip.
The adder bites you. The gnoll closely misses you. The gnoll barely misses you.
The adder closely misses you.
You shoot an arrow. The orc shouts!
The arrow hits the adder.
You kill the adder!
The gnoll closely misses you.
The orc throws a boomerang.
The boomerang barely misses you. The orc closely misses you.
The gnoll completely misses you.
You shoot an arrow. The arrow closely misses the orc.
The orc hits you with a +0 whip. The gnoll hits you with a +0 flail!
You die...

........####
..........#)
#..>........ ##
...........
###..######..........
.......<..........)..
...................o.
.............ooo.....
###.......##.@)g.....
#####.#..##?go.....
................
#.................
#................#
#........#........
#........##.......
..[.. .......


You could see 2 gnolls and 5 orcs.

Vanquished Creatures
  Robin (D:2)
  2 gnolls
  3 adders
  A dart slug (D:1)
  4 ball pythons
  5 endoplasms
  4 giant cockroaches
  6 goblins
  10 hobgoblins
  6 jackals
  2 quokkas (D:2)
  4 bats
  5 frilled lizards
  9 kobolds
  6 rats
68 creatures vanquished.

Notes
Turn   | Place    | Note
-------+----------+-------------------------------------------
     0 | D:1      | qw the Deep Elf Hunter began the quest for the Orb.
     0 | D:1      | Reached XP level 1. HP: 12/12 MP: 3/3
     0 | D:1      | 0 ||| qw: Version: 0.3-a-9-g12657ce
     0 | D:1      | 0 ||| qw: Game counter: 4503
     0 | D:1      | 0 ||| qw: Always use a shield: true
     0 | D:1      | 0 ||| qw: God list: Okawaru
     0 | D:1      | 0 ||| qw: Allow faded altars: false
     0 | D:1      | 0 ||| qw: Do Orc after D:15 true
     0 | D:1      | 0 ||| qw: Do second Lair branch before Depths: true
     0 | D:1      | 0 ||| qw: Lair rune preference: random
     0 | D:1      | 0 ||| qw: Plans: Normal
     0 | D:1      | 0 ||| PLANNING D:1-11
    60 | D:1      | Reached skill level 6 in Ranged Weapons
    60 | D:1      | Reached XP level 2. HP: 11/16 MP: 4/4
    60 | D:1      | 60 ||| FLEEEEING.
    61 | D:1      | 61 ||| FLEEEEING.
    62 | D:1      | 62 ||| FLEEEEING.
    63 | D:1      | 63 ||| FLEEEEING.
    64 | D:1      | 64 ||| FLEEEEING.
    65 | D:1      | 65 ||| FLEEEEING.
    66 | D:1      | 66 ||| FLEEEEING.
    67 | D:1      | 67 ||| FLEEEEING.
    68 | D:1      | 68 ||| FLEEEEING.
    69 | D:1      | 69 ||| FLEEEEING.
    70 | D:1      | 70 ||| FLEEEEING.
    71 | D:1      | 71 ||| FLEEEEING.
    72 | D:1      | 72 ||| FLEEEEING.
    73 | D:1      | 73 ||| FLEEEEING.
    74 | D:1      | 74 ||| FLEEEEING.
    75 | D:1      | 75 ||| FLEEEEING.
   176 | D:1      | Reached XP level 3. HP: 20/20 MP: 5/5
   535 | D:1      | Reached skill level 7 in Ranged Weapons
   775 | D:1      | 775 ||| UPGRADING to +0 ring mail.
   785 | D:1      | 785 ||| DROPPING +0 leather armour.
   786 | D:1      | 786 ||| READING scroll labelled VYACZO XYORGH.
   787 | D:1      | 787 ||| READING scroll labelled VIXEERPH QOARIO.
   788 | D:1      | 788 ||| DRINKING 3 black potions.
   789 | D:1      | 789 ||| DROPPING scroll of butterflies.
  1097 | D:2      | Reached XP level 4. HP: 25/25 MP: 6/6
  1327 | D:2      | Found a faded altar of an unknown god.
  1397 | D:2      | Noticed Robin
  1398 | D:2      | 1398 ||| Stepping ~*~*~tactically~*~*~ (outnumbered).
  1407 | D:2      | Killed Robin
  1420 | D:2      | 1420 ||| FLEEEEING.
  1421 | D:2      | 1421 ||| FLEEEEING.
  1422 | D:2      | 1422 ||| FLEEEEING.
  1423 | D:2      | 1423 ||| FLEEEEING.
  1424 | D:2      | 1424 ||| FLEEEEING.
  1425 | D:2      | 1425 ||| FLEEEEING.
  1426 | D:2      | 1426 ||| FLEEEEING.
  1427 | D:2      | 1427 ||| FLEEEEING.
  1428 | D:2      | 1428 ||| FLEEEEING.
  1429 | D:2      | 1429 ||| FLEEEEING.
  1430 | D:2      | 1430 ||| FLEEEEING.
  1431 | D:2      | 1431 ||| FLEEEEING.
  1432 | D:2      | 1432 ||| FLEEEEING.
  1433 | D:2      | 1433 ||| FLEEEEING.
  1434 | D:2      | 1434 ||| FLEEEEING.
  1435 | D:2      | 1435 ||| FLEEEEING.
  1436 | D:2      | 1436 ||| FLEEEEING.
  1437 | D:2      | 1437 ||| FLEEEEING.
  1438 | D:2      | 1438 ||| FLEEEEING.
  1439 | D:2      | 1439 ||| FLEEEEING.
  1440 | D:2      | 1440 ||| FLEEEEING.
  1441 | D:2      | 1441 ||| FLEEEEING.
  1442 | D:2      | 1442 ||| FLEEEEING.
  1443 | D:2      | 1443 ||| FLEEEEING.
  1444 | D:2      | 1444 ||| FLEEEEING.
  1445 | D:2      | 1445 ||| FLEEEEING.
  1446 | D:2      | 1446 ||| FLEEEEING.
  1633 | D:2      | 1633 ||| UPGRADING to +0 helmet.
  1638 | D:2      | 1638 ||| READING 2 scrolls labelled WOTUTHRIOFOTH.
  1639 | D:2      | 1639 ||| READING scroll labelled GEIDAGH AMUU.
  1640 | D:2      | 1640 ||| DRINKING 2 sapphire potions.
  1641 | D:2      | 1641 ||| DROPPING scroll of vulnerability.
  1661 | D:3      | Reached skill level 8 in Ranged Weapons
  1663 | D:3      | HP: 4/25 [gnoll/+0 spear (3)]
  1664 | D:3      | 1664 ||| DRINKING potion of heal wounds.
  1669 | D:3      | HP: 4/25 [orc/+0 whip (5)]
  1669 | D:3      | Slain by a gnoll

Levels and vault maps discovered:
D:1:      minmay_arrival_nine_rooms, layout_loops_ring
D:2:      minmay_recursive_quarters, layout_loops_cross,
          ebering_ecumenical_altar_hall, uniq_robin
D:3:      layout_rooms, minitemple, uniq_ijyb

Skill      XL: |  1  2  3  4 |
---------------+-------------+-----
Ranged Weapons | 6 7 8 |  8.3
Fighting       | |  1.5
Dodging        | |  2.4
Stealth        | |  1.2

Action                     |  1- 3 |  4- 6 || total
---------------------------+-------+-------++-------
   Fire: Shortbow          |    99 |    67 ||   166
    Use: Scroll            |     2 |     2 ||     4
         Potion            |     1 |     2 ||     3
 Armour: Leather armour    |     3 |       ||     3
         Ring mail         |     4 |    12 ||    16
  Dodge: Dodged            |    19 |    29 ||    48

Table legend:
 A = Non-vault XP
 B = Vault XP
 C = Vault XP percentage of total XP
 D = Non-vault monster count
 E = Vault monster count
 F = Vault count percentage of total count
                 A         B        C        D         E       F
            +---------+---------+-------+---------+---------+-------
      Total |     137 |      52 |  27.5 |      51 |      17 |  25.0
            +---------+---------+-------+---------+---------+-------
        D:1 |      66 |       0 |   0.0 |      30 |       0 |   0.0
        D:2 |      28 |      52 |  65.0 |      17 |      17 |  50.0
        D:3 |      43 |       0 |   0.0 |       4 |       0 |   0.0
            +---------+---------+-------+---------+---------+-------
